 Dungeon Crawl Stone Soup version 0.30-a0-4-ga7cffc901d (webtiles) character file.

Game seed: 18077879903538005295

8670 Setbun the Slicer (level 11, -2/76 HPs)
             Began as a Kobold Brigand on Aug 21, 2022.
             Was a Priest of Wu Jian.
             Slain by a yak (5 damage)
             ... on level 1 of the Lair of Beasts.
             The game lasted 00:22:14 (12800 turns).

Setbun the Slicer (Kobold Brigand)                 Turns: 12800, Time: 00:22:15

Health: -2/76      AC: 12    Str:  9    XL:     11   Next: 60%
Magic:  11/11      EV: 20    Int: 13    God:    Wu Jian [***...]
Gold:   899        SH:  0    Dex: 20    Spells: 10/10 levels left

rFire   . . .      SeeInvis .    i - +5 short sword (freeze)
rCold   . . .      Faith    .    (no shield)
rNeg    + . .      Spirit   .    p - +2 robe {rN+}
rPois   .          Reflect  .    q - +0 helmet
rElec   .          Harm     .    c - +0 cloak
rCorr   .          Rampage  .    F - +0 pair of gloves
Will    .....                    s - +0 pair of boots
Stlth   ++++++....               x - amulet of the acrobat
HPRegen 0.22/turn                g - +4 ring of protection
MPRegen 0.12/turn                (no ring)

@: serpent's lash
A: small, no large weapons, nightstalker 3
a: Renounce Religion, Wall Jump, Serpent's Lash


You were on level 1 of the Lair of Beasts.
You worshipped Wu Jian.
Wu Jian was most pleased with you.
You visited 2 branches of the dungeon, and saw 12 of its levels.

You collected 899 gold pieces.

Inventory:

Hand Weapons
 a - a +2 dagger of chaos
 i - a +5 short sword of freezing (weapon)
 n - a +2 dagger of venom
 o - a +1 dagger of protection
 I - a +0 shortbow
Missiles
 d - 41 poisoned darts (quivered)
 e - 5 curare-tipped darts
 K - 2 throwing nets
 M - 5 atropa-tipped darts
Armour
 b - a +0 robe
 c - a +0 cloak (worn)
 p - a +2 robe of positive energy (worn)
 q - a +0 helmet (worn)
 s - a +0 pair of boots (worn)
 F - a +0 pair of gloves (worn)
 N - a +2 robe of fire resistance
Jewellery
 g - a +4 ring of protection (left hand)
 w - an amulet of magic regeneration
 x - an amulet of the acrobat (around neck)
 C - a ring of wizardry
Wands
 E - a wand of flame (19)
Scrolls
 f - 2 scrolls of immolation {unknown}
 j - a scroll of identify
 k - 4 scrolls of teleportation
 l - 5 scrolls of noise
 r - 3 scrolls of amnesia
 v - 2 scrolls of enchant weapon
 y - a scroll of magic mapping {unknown}
 B - a scroll of vulnerability {unknown}
 J - a scroll of enchant armour {unknown}
 L - a scroll of fog {unknown}
 P - a scroll of poison {unknown}
Potions
 h - 2 potions of brilliance
 m - a potion of degeneration
 t - 4 potions of curing
 u - 2 potions of might
 z - 2 potions of lignification
 A - 2 potions of attraction
 D - 2 potions of resistance {unknown}
 G - a potion of flight {unknown}
 H - a potion of mutation {unknown}
 O - a potion of invisibility


   Skills:
 - Level 12.0 Fighting
 - Level 12.0 Short Blades
 - Level 2.1 Throwing
 + Level 8.4 Dodging
 - Level 12.0 Stealth


You had 10 spell levels left.
You didn't know any spells.
Your spell library contained the following spells:

 Spells                   Type           Power      Damage    Failure   Level
 Ensorcelled Hibernation  Hex/Ice        0%         N/A       43%         2
 Passwall                 Tmut/Erth      0%         N/A       43%         2
 Gell's Gravitas          Tloc           0%         N/A       67%         3
 Inner Flame              Hex/Fire       0%         N/A       67%         3
 Lesser Beckoning         Tloc           0%         N/A       67%         3
 Swiftness                Air            0%         N/A       67%         3
 Teleport Other           Tloc           0%         N/A       67%         3
 Cause Fear               Hex            0%         N/A       97%         4
 Passage of Golubria      Tloc           0%         N/A       97%         4
 Silence                  Hex/Air        0%         N/A       100%        5
 Discord                  Hex            0%         N/A       100%        8
 Lehudib's Crystal Spear  Conj/Erth      0%         10d2      100%        8


Dungeon Overview and Level Annotations

Branches:
Dungeon (11/15)              Lair (1/5) D:8
 Temple: D:4-7          Orc: D:9-12

Altars:
Cheibriados
Fedhas
Okawaru
Wu Jian


Innate Abilities, Weirdness & Mutations

You are small and have problems with some larger weapons.
You are completely attuned to the shadows.


Message History

The komodo dragon is moderately wounded.
The yak misses you.
You hit the komodo dragon. You freeze the komodo dragon.
Your punch misses the komodo dragon.
The komodo dragon is moderately wounded.
The komodo dragon completely misses you.
You barely miss the komodo dragon.
The komodo dragon is moderately wounded.
The yak completely misses you.
You hit the komodo dragon. You freeze the komodo dragon.
The komodo dragon is moderately wounded.
You hit the komodo dragon.
The komodo dragon seems to slow down.
You freeze the komodo dragon.
The komodo dragon is heavily wounded.
The komodo dragon completely misses you.
The yak misses you.
You hit the komodo dragon but do no damage.
The komodo dragon is heavily wounded.
You hit the komodo dragon. You freeze the komodo dragon.
The komodo dragon is heavily wounded.
The yak closely misses you.
You hit the komodo dragon but do no damage.
The komodo dragon is heavily wounded.
You closely miss the komodo dragon.
The komodo dragon is heavily wounded.
The komodo dragon closely misses you. The yak gores you!
* * * LOW HITPOINT WARNING * * *
You hit the komodo dragon. You freeze the komodo dragon.
The komodo dragon is heavily wounded.
You hit the komodo dragon. You freeze the komodo dragon.
The komodo dragon is severely wounded.
The yak gores you!
* * * LOW HITPOINT WARNING * * *
You puncture the komodo dragon! You freeze the komodo dragon.
The komodo dragon is almost dead.
The komodo dragon misses you.
You hit the komodo dragon but do no damage.
The komodo dragon is almost dead.
The yak gores you.
You die...

....h##...##.##
......#'#####†##
........# ##.P##
(. ........#
##....# ...
.......##
#.....##.?.
......##
#..........#
.<....#
#.......?..##
......#
#..........#
.....##
......l@.##
.....# ......†Y#
...... ........#
....?.# .......


You could see a komodo dragon (slow) and a yak.

Vanquished Creatures
  Josephine (D:10)
  A centaur warrior (D:9)
  A wizard (D:10)
  A cane toad (Lair:1)
  A hornet (D:10)
  A shadow (D:10)
  4 wyverns
  5 yaks
  5 wraiths (D:10)
  A basilisk (D:8)
  A steam dragon (D:8)
  Menkaure (D:7)
  3 water moccasins (D:6)
  Duvessa (D:7)
  4 black bears
  An orc warrior (D:8)
  An ogre (D:6)
  4 ice beasts
  3 wolves (Lair:1)
  2 centaurs
  A phantom (D:5)
  4 kobold brigands
  4 bullfrogs
  2 scorpions (D:7)
  4 wights (D:7)
  Dowan (D:7)
  6 killer bees (D:8)
  3 howler monkeys
  An electric eel (D:8)
  5 hounds
  2 jellies
  3 orc priests
  Crazy Yiuf (D:5)
  2 orc wizards (D:8)
  5 iguanas
  Natasha (twice) (D:3)
  Robin (D:3)
  11 adders
  4 gnolls
  A shadow imp (D:5)
  A white imp (D:7)
  2 worms (D:3)
  A dart slug (D:1)
  14 orcs
  4 ball pythons
  10 endoplasms
  6 giant cockroaches
  15 goblins
  12 hobgoblins
  4 jackals (D:1)
  27 kobolds
  4 quokkas
  6 bats
  4 frilled lizards
  10 rats
225 creatures vanquished.

Vanquished Creatures (others)
  An orc (D:8)
  27 plants
  5 toadstools (D:10)
33 creatures vanquished.

Grand Total: 258 creatures vanquished

Notes
Turn   | Place    | Note
-------+----------+-------------------------------------------
     0 | D:1      | Setbun the Kobold Brigand began the quest for the Orb.
     0 | D:1      | Reached XP level 1. HP: 12/12 MP: 1/1
   120 | D:1      | Reached XP level 2. HP: 12/17 MP: 2/2
   635 | D:1      | Reached XP level 3. HP: 21/21 MP: 3/3
  1105 | D:2      | Reached skill level 5 in Short Blades
  1364 | D:2      | Found an ornate altar of the Wu Jian Council.
  1371 | D:2      | Became a worshipper of the Wu Jian Council
  1376 | D:2      | Reached XP level 4. HP: 26/26 MP: 4/4
  1648 | D:2      | Found a faded altar of an unknown god.
  2211 | D:3      | Reached XP level 5. HP: 30/30 MP: 5/5
  2272 | D:3      | Noticed Natasha
  2274 | D:3      | Noticed Robin
  2309 | D:3      | Killed Natasha
  2325 | D:3      | Reached * piety under Wu Jian
  2350 | D:3      | Killed Robin
  2385 | D:3      | Noticed Natasha
  2647 | D:3      | Reached XP level 6. HP: 35/35 MP: 6/6
  2748 | D:3      | Killed Natasha
  3301 | D:3      | Reached ** piety under Wu Jian
  3367 | D:4      | Reached XP level 7. HP: 19/40 MP: 7/7
  3763 | D:4      | Found a snail-covered altar of Cheibriados.
  4118 | D:5      | Entered Level 5 of the Dungeon
  4276 | D:5      | Reached skill level 10 in Short Blades
  4472 | D:5      | Found a runed translucent door.
  4475 | D:5      | Noticed Crazy Yiuf
  4926 | D:5      | Killed Crazy Yiuf
  4927 | D:5      | Reached XP level 8. HP: 44/44 MP: 8/8
  5943 | D:6      | Reached skill level 5 in Fighting
  6228 | D:6      | Reached XP level 9. HP: 28/55 MP: 9/9
  6537 | D:7      | Noticed Duvessa
  6543 | D:7      | Noticed Dowan
  6586 | D:7      | Killed Duvessa
  7943 | D:7      | HP: 1/52 [wight/+3 halberd (6)]
  8371 | D:7      | Reached *** piety under Wu Jian
  8372 | D:7      | Reached skill level 10 in Fighting
  8548 | D:7      | Noticed Menkaure
  8551 | D:7      | Killed Menkaure
  8863 | D:7      | Killed Dowan
  8864 | D:7      | Reached XP level 10. HP: 65/68 MP: 10/10
 10415 | D:8      | Found a staircase to the Lair.
 10646 | D:9      | Noticed a centaur warrior
 10658 | D:9      | Killed a centaur warrior
 10773 | D:9      | Reached skill level 10 in Stealth
 10828 | D:9      | Found an iron altar of Okawaru.
 10828 | D:9      | Found a blossoming altar of Fedhas.
 10989 | D:9      | You fall into a shaft and drop 2 floors!
 11017 | D:10     | Entered Level 10 of the Dungeon
 11528 | D:10     | Reached XP level 11. HP: 70/76 MP: 11/11
 11711 | D:10     | Noticed a wizard
 11714 | D:10     | Killed a wizard
 11864 | D:10     | Reached skill level 5 in Dodging
 11894 | D:10     | Noticed Josephine
 11896 | D:10     | Killed Josephine
 12617 | Lair:1   | Entered Level 1 of the Lair of Beasts
 12798 | Lair:1   | HP: 3/76 [yak (10)]
 12800 | Lair:1   | Slain by a yak

Illustrated notes

Levels and vault maps discovered:
D:1:      heliophobic_arrival_enchanted_forest, layout_loops_ring,
          minmay_small_reverse_x
D:2:      layout_loops_ring, ebering_ecumenical_altar_box, basic_altar,
          minmay_fractal_squares_gapless_5
D:3:      layout_rooms, uniq_robin, uniq_natasha
D:4:      layout_loops_cross, cheibriados_altar_1, reono_crystal_passage
D:5:      layout_cave_pools, serial_bayou_lagoon_a, uniq_crazy_yiuf_cottage
D:6:      layout_basic, minmay_temple_entry_from_below_a, grunt_ministairs_9,
          fountainhead, kennysheep_boxes
D:7:      layout_loops_corners, uniq_duvessa, uniq_menkaure
D:8:      layout_loops_ring, erik_lair_dragon, minivault_4, grunt_ministairs_2
D:9:      layout_roguey, gammafunk_temple_overflow_elements
D:10:     layout_loops_corners, palyth_stone_intersect,
          minmay_gold_behind_fungi, uniq_josephine
D:11:     layout_small_grid, vehumet_statue
Lair:1:   layout_cave_pods, serial_bayou_shore_b, grunt_megastairs_4

Skill      XL: |  1  2  3  4  5  6  7  8  9 10 11 |
---------------+----------------------------------+-----
Short Blades   | 3 4 5 6 7 9 11 12 | 12.0
Fighting       | 6 10 12 | 12.0
Stealth        | 11 12 | 12.0
Dodging        | 8 |  8.4
Throwing       | |  2.1

Action                   |  1- 3 |  4- 6 |  7- 9 | 10-12 || total
-------------------------+-------+-------+-------+-------++-------
Melee: Dagger            |    88 |   271 |   501 |       ||   860
       Punch             |       |     3 |     8 |     7 ||    18
       Short sword       |       |       |    20 |   298 ||   318
Invok: Lunge             |     1 |    15 |    20 |    16 ||    52
       Whirlwind         |       |     1 |     5 |     8 ||    14
       Serpent's Lash    |       |       |       |     7 ||     7
 Abil: Wall Jump         |       |       |       |     3 ||     3
  Use: Potion            |       |       |     9 |       ||     9
       Scroll            |       |       |     9 |       ||     9
 Stab: Sleeping          |    21 |    23 |    26 |    20 ||    90
       Distracted        |       |       |     3 |       ||     3
       Invisible         |       |       |     1 |       ||     1
       Petrifying        |       |       |     1 |       ||     1
Armor: Robe              |    18 |    61 |   138 |    52 ||   269
Dodge: Dodged            |    47 |   105 |   194 |   155 ||   501

Table legend: (Time is in decaauts)
 A = Elapsed time spent in this place.
 B = Non-inter-level travel time spent in this place.
 C = Inter-level travel time spent in this place.
 D = Time resting spent in this place.
 E = Time spent auto-exploring this place.
 F = Levels seen in this place.
 G = Mean time per level.
                   A        B        C        D        E       F      G
               +--------+--------+--------+--------+--------+-----+--------+
         Total |  12337 |  11496 |    841 |   2250 |   7531 |  12 | 1028.1 |
       Dungeon |  12191 |  11351 |    840 |   2250 |   7456 |  11 | 1108.3 |
          Lair |    145 |    145 |      0 |      0 |     75 |   1 |  145.0 |
               +--------+--------+--------+--------+--------+-----+--------+

Top non-repeatable levels by time:
     D:6: 2114 daAuts
     D:8: 1690 daAuts
     D:7: 1639 daAuts
    D:10: 1210 daAuts
     D:1: 1063 daAuts
     D:3: 1015 daAuts
     D:2: 1002 daAuts
     D:4: 912 daAuts
     D:5: 814 daAuts
     D:9: 702 daAuts
  Lair:1: 145 daAuts
    D:11: 27 daAuts
